 Dungeon Crawl Stone Soup version 0.21.0 (webtiles) character file.

127 Modular the Firebug (level 4, -9/33 HPs)
             Began as a Draconian Fire Elementalist on July 22, 2018.
             Killed by divine providence
             ... invoked by an orc priest
              (10 damage)
             ... on level 3 of the Dungeon on July 23, 2018.
             The game lasted 00:18:42 (2282 turns).

Modular the Firebug (Draconian Fire Elementalist)   Turns: 2282, Time: 00:18:43

Health: -9/33      AC:  5    Str: 10    XL:     4   Next: 85%
Magic:  3/8        EV: 12    Int: 17    God:
Gold:   60         SH:  0    Dex: 11    Spells: 3/9 levels left

rFire    . . .     SeeInvis .   i - +1 dagger (freeze)
rCold    . . .     Gourm    .   (no shield)
rNeg     . . .     Faith    .   (armour unavailable)
rPois    .         Spirit   .   (helmet restricted)
rElec    .         Reflect  .   (no cloak)
rCorr    .         Harm     .   (no gloves)
MR       .....                  (no boots)
Stlth    ++........             (no amulet)
HPRegen  0.11/turn              (no ring)
MPRegen  0.11/turn              (no ring)

@: very slightly contaminated
A: unfitting armour, cold-blooded, AC +5
a: no special abilities


You were on level 3 of the Dungeon.
You were not hungry.

You visited 1 branch of the dungeon, and saw 3 of its levels.

You collected 60 gold pieces.

Inventory:

Hand Weapons
 h - a +0 short sword
 i - a +1 dagger of freezing (weapon)
 l - a +0 short sword
Missiles
 g - 158 stones (quivered)
Jewellery
 p - an uncursed ring of poison resistance {unknown}
Scrolls
 c - a scroll of fog {unknown}
 d - a scroll of remove curse
 e - a scroll of magic mapping {unknown}
 f - a scroll of blinking {unknown}
 j - a scroll of amnesia {unknown}
 n - 2 scrolls of teleportation {unknown}
 o - a scroll of enchant armour {unknown}
 q - a scroll of fear {unknown}
 r - a scroll of identify {unknown}
Potions
 k - a potion of mutation {unknown}
 m - 2 potions of flight {unknown}
 s - a potion of degeneration {unknown}
Books
 a - a book of Flames

   Spells                             Type                      Level
   a - Flame Tongue                   Conjuration/Fire             1
   b - Throw Flame                    Conjuration/Fire             2
   c - Conjure Flame                  Conjuration/Fire             3
   d - Inner Flame                    Hexes/Fire                   3
   e - Sticky Flame                   Conjuration/Fire             4
   f - Fireball                       Conjuration/Fire             5
Comestibles
 b - 4 rations
 t - a chunk of flesh


   Skills:
 - Level 1.7 Dodging
 - Level 1.7 Stealth
 + Level 3.2 Spellcasting
 + Level 2.7 Conjurations
 + Level 4.0 Fire Magic


You had 3 spell levels left.
You knew the following spells:

 Your Spells              Type           Power        Failure   Level  Hunger
a - Flame Tongue          Conj/Fire      ##...        4%          1    None
b - Throw Flame           Conj/Fire      ##....       6%          2    ##.....
c - Conjure Flame         Conj/Fire      ##......     13%         3    ###....


Dungeon Overview and Level Annotations

Branches:
Dungeon (3/15)

Altars:
Makhleb
Zin


Innate Abilities, Weirdness & Mutations

Your plain brown scales are hard. (AC +5)
You cannot fit into any form of body armour.
You are cold-blooded and may be slowed by cold attacks.


Message History

You hit the orc but do no damage.
The orc is moderately wounded.
The orc misses you.
You hit the orc priest. You freeze the orc priest.
The orc priest is lightly wounded.
The orc priest hits you but does no damage.
The orc closely misses you.
You hit the orc priest but do no damage.
The orc priest is lightly wounded.
The orc priest looks encouraged for a moment.
The orc hits you with a club.
You hit the orc priest. You freeze the orc priest.
The orc priest is heavily wounded.
The orc priest invokes the aid of Beogh against you.
Beogh smites you!
* * * LOW HITPOINT WARNING * * *
The orc hits you but does no damage.
The orc priest mumbles some strange prayers to Beogh against you.
Beogh smites you!
You die...

#..###### #>...)o..
#..# #..#
#..#############
#..##..........#
#oo##..........#
#..##..........#
#.@##..........#
#..##..........#
#...+..........+
#.###..........#
#.............##
#...........#.###
##.####...........
#.....))).........
#..##...###.#.#####


You could see an orc priest and an orc.

Vanquished Creatures
  An orc priest (D:3)
  3 adders
  A worm (D:2)
  6 dart slugs
  2 leopard geckos (D:1)
  2 orcs (D:3)
  8 bats
  2 giant cockroaches (D:2)
  4 goblins
  8 hobgoblins
  A quokka (D:2)
  A frilled lizard (D:2)
  10 kobolds
  A rat (D:2)
50 creatures vanquished.

Notes
Turn   | Place    | Note
-------+----------+-------------------------------------------
     0 | D:1      | Modular the Draconian Fire Elementalist began the quest for the Orb.
     0 | D:1      | Reached XP level 1. HP: 14/14 MP: 3/3
   421 | D:1      | Reached XP level 2. HP: 18/20 MP: 0/5
   813 | D:1      | Reached XP level 3. HP: 26/26 MP: 2/6
   988 | D:1      | Learned a level 2 spell: Throw Flame
  1114 | D:2      | Learned a level 3 spell: Conjure Flame
  1212 | D:2      | Found a burning altar of Makhleb.
  1607 | D:2      | Reached XP level 4. HP: 33/33 MP: 5/8
  1998 | D:3      | Found a glowing silver altar of Zin.
  2160 | D:3      | Reached skill level 4 in Fire Magic
  2277 | D:3      | HP: 1/33 [orc priest/divine providence (15)]
  2282 | D:3      | Killed from afar by an orc priest

Skill      XL: |  1  2  3  4 |
---------------+-------------+-----
Conjurations   | 2 |  2.7
Spellcasting   | 3 |  3.2
Fire Magic     | 4 |  4.0
Dodging        | |  1.7
Stealth        | |  1.7

Action                   |  1- 3 |  4- 6 || total
-------------------------+-------+-------++-------
Melee: Unarmed           |    11 |       ||    11
       Dagger            |    25 |    33 ||    58
       Tailslap          |     1 |     1 ||     2
 Cast: Flame Tongue      |    47 |    11 ||    58
       Throw Flame       |    11 |    15 ||    26
  Use: Scroll            |     1 |       ||     1
  Eat: Chunk             |     3 |     3 ||     6
Armor: Skin              |    11 |    10 ||    21
Dodge: Dodged            |    26 |    28 ||    54
